AoeStats
← [ KOF ] M. Kowalski

Arabia

504111689Analyzed
1v1 RM · 27d ago on Sep 3, 2026· 24m 50s· 2 players
Game mode
Random Map
Map size
Tiny (2 player)
Population
200
Speed
Normal
Resources
Standard
Victory
Conquest
Starting age
Dark Age
Ending age
Imperial Age
RankedLock teamsTeams togetherTeam positionsShared explorationLock speedFull tech treeHidden civsTurbo modeCheats
Victory
Defeat
🇦🇷 Khitans · Argentina
1190
+16
🇩🇪 Jurchens · Germany
1189
-16
ihate
8:57 Loom
10:43 Feudal Age
16:25 Castle Age
14:35 Double-Bit Axe
21:13 Scale Barding Armor
[ KOF ] M. Kowalski
6:09 Loom
8:57 Feudal Age
9:34 Double-Bit Axe
14:55 Forging
20:30 Castle Age
19:56 Scale Barding Armor
20:45 Town Watch
21:54 Iron Casting
21:25 Husbandry
22:21 Wheelbarrow
22:36 Fletching
Connection lost

Rejoining the realm…

Still unreachable

The connection could not be restored.

Session expired

The server has moved on; the page needs a fresh start.